 Dungeon Crawl Stone Soup version 0.31-a0-430-gf8416d752b (webtiles) character file.

Game seed: 10599590752227582835

634 AdnanSaban the Cudgeller (level 7, -2/44 HPs)
             Began as a Gargoyle Fighter on July 30, 2023.
             Slain by Edmund
             ... wielding a +2 flail of protection
              (10 damage)
             ... on level 4 of the Dungeon.
             The game lasted 00:04:31 (3620 turns).

AdnanSaban the Cudgeller (Gargoyle Fighter)         Turns: 3620, Time: 00:04:32

Health: -2/44      AC: 22    Str: 23    XL:     7   Next: 49%
Magic:  7/7        EV: 10    Int:  9    God:
Gold:   201        SH:  4    Dex:  9    Spells: 6/6 levels left

rFire   . . .        w - +0 flail (protect)
rCold   . . .        c - +0 buckler
rNeg    + . .        b - +1 scale mail of Xom's Reproof {Str+2}
rPois   ∞            a - +0 helmet
rElec   +            (no cloak)
rCorr   .            (no gloves)
SInv    .            p - +0 pair of boots
Will    .....        (no amulet) Stlth
                     (no ring)
HPRegen 0.27/turn    (no ring)
MPRegen 0.10/turn

%: no passive effects
@: under a protective aura
A: sickness immunity, AC +4, negative energy resistance 1, electricity
resistance, torment resistance 1, petrification resistance
a: no special abilities


You were on level 4 of the Dungeon.
You visited 1 branch of the dungeon, and saw 4 of its levels.

You collected 201 gold pieces.

Inventory:

Hand Weapons
 w - a +0 flail of protection (weapon)
Missiles
 g - 45 stones (quivered)
 l - 3 boomerangs
 v - 4 poisoned darts
 y - a throwing net
Armour
 a - a +0 helmet (worn)
 b - the +1 scale mail of Xom's Reproof (worn) {Str+2}
   (You found it on level 2 of the Dungeon)

   Str:       It affects your strength (+2).
 c - a +0 buckler (worn)
 p - a +0 pair of boots (worn)
Jewellery
 n - an amulet of magic regeneration
Wands
 x - a wand of flame (15)
Scrolls
 e - 3 scrolls of butterflies {unknown}
 h - a scroll of vulnerability {unknown}
 i - a scroll of enchant armour {unknown}
 m - 2 scrolls of torment {unknown}
 q - 2 scrolls of brand weapon {unknown}
 r - a scroll of identify {unknown}
Potions
 d - 2 potions of might
 f - 2 potions of mutation {unknown}
 j - a potion of curing {unknown}
 k - 2 potions of haste {unknown}
 o - a potion of attraction {unknown}
 s - a potion of invisibility {unknown}
 t - a potion of ambrosia {unknown}
 u - a potion of brilliance {unknown}


   Skills:
 + Level 4.6 Fighting
 + Level 5.4 Maces & Flails
 + Level 5.2 Armour
 + Level 1.5 Dodging
 + Level 0.4 Stealth
 + Level 4.4 Shields


You had 6 spell levels left.
You didn't know any spells.
Your spell library was empty.

Dungeon Overview and Level Annotations

Branches:
Dungeon (4/15)
 Temple: D:4-7

Altars:
Dithmenos
Hepliaklqana
Xom

Annotations:
D:4 1 runed translucent door, Crazy Yiuf, Edmund


Innate Abilities, Weirdness & Mutations

You are immune to sickness and miasma.
Your stone body is resilient. (AC +4)
You are immune to poison.
You resist negative energy. (rN+)
You are resistant to electric shocks. (rElec)
You are resistant to unholy torment.
You are immune to petrification.


Message History

Edmund closely misses you.
You hit Edmund but do no damage.
Edmund is heavily wounded.
Edmund hits you with a +2 flail of protection! x2
* * * LOW HITPOINT WARNING * * *
You are too injured to fight recklessly!
You are too injured to fight recklessly!
You are too injured to fight recklessly!
You are too injured to fight recklessly!
You are too injured to fight recklessly!
You are too injured to fight recklessly!
You are too injured to fight recklessly!
You are too injured to fight recklessly!
You are too injured to fight recklessly!
You are too injured to fight recklessly!
You are too injured to fight recklessly!
You are too injured to fight recklessly!
You are too injured to fight recklessly!
You are too injured to fight recklessly!
You are too injured to fight recklessly!
You are too injured to fight recklessly!
You are too injured to fight recklessly!
You are too injured to fight recklessly!
You are too injured to fight recklessly!
You are too injured to fight recklessly!
You are too injured to fight recklessly!
You hit Edmund but do no damage.
Edmund is heavily wounded.
Edmund misses you.
You closely miss Edmund.
Edmund is heavily wounded.
Edmund hits you with a +2 flail of protection.
* * * LOW HITPOINT WARNING * * *
You hit Edmund but do no damage.
Edmund is heavily wounded.
Edmund hits you but does no damage.
You hit Edmund but do no damage.
Edmund is heavily wounded.
Edmund hits you with a +2 flail of protection!
You die...

#...)...#.## #.......# #
######.......##.###...###.#######
..[..........###.................
.####........##.###...###.####.##
.####.....##.#.## #.......# #.##
..........###.#####..###### #.##
.##..................# #.#
....#.....###..@.....# #.#
.##.).##### #...@....# #.##
.###.## ########.# #... .###.# .#
#### ...#.# .# ##.#.# .# #.#.# .#
#.#.# #.#.# #.#.#


You could see Edmund.

Vanquished Creatures
  Pikel (D:4)
  2 lemures (D:3)
  An orc priest (D:3)
  A hound (D:3)
  An iguana (D:4)
  4 adders
  2 worms (D:2)
  4 dart slugs
  4 orcs (D:3)
  5 ball pythons
  2 bats (D:1)
  5 endoplasms
  4 giant cockroaches
  5 goblins
  4 hobgoblins
  2 jackals (D:1)
  A quokka (D:1)
  4 frilled lizards
  5 kobolds
  6 rats
63 creatures vanquished.

Notes
Turn   | Place    | Note
-------+----------+-------------------------------------------
     0 | D:1      | AdnanSaban the Gargoyle Fighter began the quest for the
                  | Orb.
     0 | D:1      | Reached XP level 1. HP: 14/14 MP: 1/1
   105 | D:1      | Reached XP level 2. HP: 13/19 MP: 2/2
   163 | D:1      | Found a faded altar of an unknown god.
   531 | D:1      | Reached XP level 3. HP: 23/24 MP: 3/3
  1145 | D:2      | Found a hazy altar of Hepliaklqana.
  1283 | D:2      | Identified the +1 scale mail of Xom's Reproof {Str+2}
  1470 | D:2      | Reached XP level 4. HP: 29/29 MP: 4/4
  2005 | D:3      | Found a shadowy altar of Dithmenos.
  2156 | D:3      | Reached XP level 5. HP: 33/33 MP: 5/5
  2276 | D:3      | Found a shimmering altar of Xom.
  2490 | D:4      | Noticed Edmund
  2517 | D:4      | Noticed a lemure
  2783 | D:4      | Noticed a lemure
  2785 | D:4      | Noticed Pikel
  2834 | D:3      | Killed a lemure
  2983 | D:3      | Killed a lemure
  3069 | D:4      | Found a runed translucent door.
  3070 | D:4      | Noticed Crazy Yiuf
  3142 | D:4      | Noticed a lemure
  3144 | D:4      | Noticed a lemure
  3146 | D:4      | Killed Pikel
  3147 | D:4      | Reached skill level 5 in Maces & Flails
  3147 | D:4      | Reached skill level 5 in Armour
  3147 | D:4      | Reached skill level 1 in Dodging
  3147 | D:4      | Reached XP level 6. HP: 10/39 MP: 6/6
  3147 | D:4      | Reached XP level 7. HP: 12/44 MP: 7/7
  3620 | D:4      | Slain by Edmund

Illustrated notes

Levels and vault maps discovered:
D:1:      dpeg_arrival_refuge, layout_loops_ring, ebering_ecumenical_altar_rust,
          hangedman_glass_teeth
D:2:      layout_basic, basic_altar, minivault_14
D:3:      minmay_angry_zag, layout_basic, xom_butterflies, grunt_dithmenos_smoke
D:4:      layout_loops_ring, uniq_edmund, uniq_pikel, uniq_crazy_yiuf_cottage

Skill      XL: |  1  2  3  4  5 |
---------------+----------------+-----
Maces & Flails | 3 5 |  5.4
Armour         | 5 |  5.2
Fighting       | 4 |  4.6
Dodging        | 1 |  1.5
Shields        | 4 |  4.4
Stealth        | |  0.4

Action                     |  1- 3 |  4- 6 |  7- 9 || total
---------------------------+-------+-------+-------++-------
  Melee: Flail             |   132 |   155 |    26 ||   313
  Throw: Stone             |       |     1 |     5 ||     6
 Armour: Scale mail        |    71 |    99 |     8 ||   178
  Dodge: Dodged            |    69 |    97 |     8 ||   174
  Block: Buckler           |    33 |    48 |     1 ||    82

Table legend: (Time is in decaauts)
 A = Elapsed time spent in this place.
 B = Non-inter-level travel time spent in this place.
 C = Inter-level travel time spent in this place.
 D = Time resting spent in this place.
 E = Time spent auto-exploring this place.
 F = Levels seen in this place.
 G = Mean time per level.
                   A        B        C        D        E       F      G
               +--------+--------+--------+--------+--------+-----+--------+
         Total |   3708 |   3333 |    375 |    286 |   2231 |   4 |  927.0 |
       Dungeon |   3708 |   3333 |    375 |    286 |   2231 |   4 |  927.0 |
               +--------+--------+--------+--------+--------+-----+--------+

Top non-repeatable levels by time:
     D:3: 1577 daAuts
     D:1: 854 daAuts
     D:2: 661 daAuts
     D:4: 614 daAuts
